 Dungeon Sprint DCSS version 0.28.0-53-g5a82cb258f (webtiles) character file.

Game seed: 13268369205379608499

45 Groucho the Skirmisher (level 3, -6/36 HPs)
             Began as a Naga Fighter on Aug 20, 2022.
             Was a Priest of Cheibriados.
             Killed from afar by a white imp (9 damage)
             ... with a puff of frost
             ... in the Dungeon (Sprint VII: "The Pits").
             The game lasted 00:03:07 (927 turns).

Groucho the Skirmisher (Naga Fighter)                Turns: 927, Time: 00:03:08

Health: -6/36      AC:  4    Str: 24    XL:     3   Next: 64%
Magic:  4/4        EV:  7    Int: 14    God:    Cheibriados [***...]
Gold:   0          SH:  5    Dex: 18    Spells: 2/2 levels left

rFire   . . .      SeeInvis +   f - +2 hand axe
rCold   . . .      Faith    .   c - +0 buckler
rNeg    . . .      Spirit   .   b - +0 scale mail
rPois   +          Reflect  .   (no helmet)
rElec   .          Harm     .   (no cloak)
rCorr   .          Rampage  .   (no gloves)
Will    .....      NoTele   +   (no barding)
Stlth   ..........              (no amulet)
HPRegen 0.12/turn               (no ring)
MPRegen 0.09/turn               (no ring)

@: invisible, very slow
A: AC +1, large, see invisible, deformed body, poison resistance, slowness 2,
spit poison 1, naga tail 1
a: Spit Poison, Renounce Religion, Bend Time, Temporal Distortion


You were in the Dungeon.
You worshipped Cheibriados.
Cheibriados was most pleased with you.
You visited 1 branch

Inventory:

Hand Weapons
 f - a +2 hand axe (weapon)
 i - a +2 mace
Missiles
 n - 10 stones
Armour
 b - a +0 scale mail (worn)
 c - a +0 buckler (worn)
Scrolls
 j - a scroll of blinking
 l - 5 scrolls of amnesia
 m - a scroll of summoning
Potions
 a - 2 potions of berserk rage
 d - a potion of might
 g - a potion of haste
 h - 4 potions of magic


   Skills:
 + Level 4.3 Fighting
 + Level 3.6 Axes
 + Level 3.5 Armour
 + Level 3.5 Shields
 + Level 2.5 Invocations


You had 2 spell levels left.
You didn't know any spells.
Your spell library was empty.

Dungeon Overview and Level Annotations

Branches:
Dungeon (1/1)

Altars:
Ashenzari
Cheibriados
Dithmenos
Elyvilon
Fedhas
Gozag
Hepliaklqana
Kikubaaqudgha
Makhleb
Nemelex Xobeh
Okawaru
Qazlal
Ru
Sif Muna
Trog
Uskayaw
Vehumet
Wu Jian
Xom
Yredelemnul
Zin
The Shining One
Beogh
Jiyva
Lugonu


Innate Abilities, Weirdness & Mutations

Your serpentine skin is tough. (AC +1)
You have supernaturally acute eyesight. (SInv)
Armour fits poorly on your strangely shaped body.
Your system is resistant to poisons. (rPois)
You cover ground very slowly.
You can spit poison.
You have a snake-like lower body.


Message History

Cheibriados raises the support of your attributes as your movement slows.
You can now warp the flow of time around you.
You hit the white imp.
The white imp is moderately wounded.
You block the white imp's attack.
You closely miss the white imp.
The white imp is moderately wounded.
The white imp gestures at you. The puff of frost hits you!
You are too injured to fight recklessly!
Okay, then.
You are too injured to fight recklessly!
You closely miss the white imp.
The white imp is moderately wounded.
The white imp barely misses you.
The white imp hits you but does no damage.
Unknown command.
Unknown command.
You barely miss the white imp.
The white imp is moderately wounded.
The white imp shouts, "Take thy face hence, thou peeagling common-kissing whey-face!"
The white imp barely misses you.
Unknown command.
Unknown command.
You closely miss the white imp.
The white imp is moderately wounded.
The white imp hits you. The white imp freezes you.
* * * LOW HITPOINT WARNING * * *
Unknown command.
Okay, then.
Okay, then.
You fade into invisibility!
The white imp gestures at you. The puff of frost hits you.
* * * LOW HITPOINT WARNING * * *
You slash the white imp!
The white imp is almost dead.
The white imp gestures at you. The puff of frost hits you!
You die...

#_________.#
#_________.#
#_______...###########++
##########'##...........
#.?..')))'.##......#..#
##########.##..........
#...........'...........
+#####'#####......#..#.
#...#@# #...........
#...#5# ####'#####+
#...'r# #.......#
##r#### #.......#
#.....# #.......#
#.....# #...<...#
#....5.. #.......#
#........##.......#
###########.......#


You could see a river rat and a white imp.

Vanquished Creatures
  2 adders (D)
  A river rat (D)
  3 ufetubi (D)
  A giant cockroach (D)
7 creatures vanquished.

Notes
Turn   | Place    | Note
-------+----------+-------------------------------------------
     0 | D        | Groucho the Naga Fighter began the quest for the Orb.
     0 | D        | Reached XP level 1. HP: 21/21 MP: 1/1
   200 | D        | Found a bloodstained altar of Trog.
   200 | D        | Found a shimmering blue altar of Sif Muna.
   200 | D        | Found a viscous altar of Jiyva.
   200 | D        | Found a hazy altar of Hepliaklqana.
   200 | D        | Found an opulent altar of Gozag.
   201 | D        | Found a glowing golden altar of the Shining One.
   201 | D        | Found a glowing silver altar of Zin.
   201 | D        | Found a basalt altar of Yredelemnul.
   201 | D        | Found a shimmering altar of Xom.
   201 | D        | Found an ornate altar of the Wu Jian Council.
   201 | D        | Found a sacrificial altar of Ru.
   201 | D        | Found a stormy altar of Qazlal.
   201 | D        | Found an iron altar of Okawaru.
   201 | D        | Found a sparkling altar of Nemelex Xobeh.
   201 | D        | Found a burning altar of Makhleb.
   201 | D        | Found a blossoming altar of Fedhas.
   201 | D        | Found a white marble altar of Elyvilon.
   201 | D        | Found a shadowy altar of Dithmenos.
   201 | D        | Found a snail-covered altar of Cheibriados.
   203 | D        | Found a radiant altar of Vehumet.
   203 | D        | Found a corrupted altar of Lugonu.
   204 | D        | Found a hide-covered altar of Uskayaw.
   204 | D        | Found an ancient bone altar of Kikubaaqudgha.
   204 | D        | Found a broken altar of Ashenzari.
   216 | D        | Became a worshipper of Cheibriados the Contemplative
   242 | D        | Reached XP level 2. HP: 9/28 MP: 2/2
   244 | D        | Reached * piety under Cheibriados
   245 | D        | Reached skill level 1 in Invocations
   599 | D        | Reached ** piety under Cheibriados
   600 | D        | Reached skill level 4 in Fighting
   600 | D        | Reached XP level 3. HP: 12/36 MP: 4/4
   920 | D        | Reached *** piety under Cheibriados
   927 | D        | Killed from afar by a white imp

Illustrated notes

Levels and vault maps discovered:
D:        pitsprint [storerooms_1, entrance_room_1, metal_vault_3, armoury_2,
          mini_pit_1, grid_room_1, main_hall_1, silver_pit, the_coven_3,
          the_vestibule_1, steel_vault_4, golden_pit, hallway_of_sentries,
          crystal_vault_3, iron_vault_4, final_vault]

Skill      XL: |  1  2  3 |
---------------+----------+-----
Armour         | 3 |  3.5
Shields        | 3 |  3.5
Axes           | 3 |  3.6
Invocations    | 1 2 |  2.5
Fighting       | 4 |  4.3

Action                   || total
-------------------------++-------
Melee: Hand axe          ||    32
       War axe           ||     7
  Use: Potion            ||     5
 Stab: Invisible         ||     3
Armor: Scale mail        ||    25
Dodge: Dodged            ||    34
Block: Buckler           ||    22
